AoeStats
← Sarcoptes scabiei

Nomad

506760443Analyzed
3v3 RM · 16d ago on Sep 15, 2026· 31m 31s· 6 players
Game mode
Random Map
Map size
210×210
Population
200
Speed
Normal
Resources
Standard
Victory
Conquest
Starting age
Dark Age
Ending age
Imperial Age
RankedLock teamsTeams togetherTeam positionsShared explorationLock speedFull tech treeHidden civsTurbo modeCheats
Victory
Defeat
🇨🇱 Koreans · Chile
1094
+12
🇨🇱 Dravidians · Chile
1000
+16
🇨🇱 Japanese · Chile
955
+19
🇦🇷 Persians · Argentina
1049
-17
🇦🇷 Berbers · Argentina
1011
-16
🇦🇷 Bohemians · Argentina
965
-14
PWLG | Fabro
10:26 Loom
13:14 Feudal Age
13:54 Double-Bit Axe
16:20 Fishing Lines
22:21 Forging
24:56 Bloodlines
25:54 Wheelbarrow
29:29 Scale Barding Armor
29:40 Fletching
Sarcoptes scabiei
9:50 Loom
15:49 Feudal Age
20:21 Castle Age
MTP | Fenix
7:55 Loom
14:03 Feudal Age
15:08 Fishing Lines
15:29 Fletching
15:37 Double-Bit Axe
21:43 Padded Archer Armor
22:43 Forging
26:10 Castle Age
24:45 Horse Collar
27:02 Bodkin Arrow
27:22 Leather Archer Armor
27:42 Medium Warships
29:30 Pikeman
Shalvi!< 133
13:43 Feudal Age
14:11 Double-Bit Axe
14:22 Gold Mining
15:25 Loom
25:24 Castle Age
23:33 Fletching
25:21 Forging
25:31 Crossbowman
26:11 Bodkin Arrow
27:17 Bow Saw
30:55 Thumb Ring
RAGNAR LODBROCK133
3:04 Loom
15:01 Feudal Age
15:31 Double-Bit Axe
16:15 Town Watch
16:16 Fishing Lines
23:17 Castle Age
21:17 Gold Mining
22:19 Stone Mining
26:46 Wheelbarrow
27:05 Husbandry
29:51 Hand Cart
THANOS133
6:42 Loom
15:20 Feudal Age
15:45 Fishing Lines
15:53 Double-Bit Axe
16:14 Horse Collar
16:34 Arson
17:46 Man-at-Arms
19:48 Town Watch
23:21 Wheelbarrow
22:52 Scale Mail Armor
23:05 Forging
26:22 Castle Age
25:32 Fletching
27:21 Hand Cart
27:10 Gillnets
28:35 Bow Saw
28:26 Heavy Plow
28:29 Squires
28:45 Long Swordsman
29:11 Gambesons
31:08 Scale Mail Armor
Connection lost

Rejoining the realm…

Still unreachable

The connection could not be restored.

Session expired

The server has moved on; the page needs a fresh start.